[Event "Sautron op 14th"]
[Site "Sautron"]
[Date "2014.10.25"]
[Round "3"]
[White "Lagarde, Maxime"]
[Black "Ider, Borya"]
[Result "1-0"]
[ECO "C15"]
[WhiteElo "2566"]
[BlackElo "2394"]
[Annotator "RR"]
[PlyCount "86"]
[EventDate "2014.10.26"]
[EventType "swiss"]
[EventRounds "9"]
[EventCountry "FRA"]
[SourceTitle "EXT 2015"]
[Source "ChessBase"]
[SourceDate "2014.11.20"]
[SourceVersion "1"]
[SourceVersionDate "2014.11.20"]
[SourceQuality "1"]
[TimeControl "40/5400+30:1800+30"]
[WhiteClock "0:59:26"]
[BlackClock "0:51:36"]

1. e4 e6 2. d4 d5 3. Nc3 Bb4 4. Nge2 {[%emt 0:00:07]
Une petite surprise car le GMI n'avait pas joué ce gambit depuis plusieurs
années.} dxe4 5. a3 Bxc3+ (
5... Be7 {Moins ambitieux} 6. Nxe4 Nf6 7. Qd3 $14) 6. Nxc3 Nc6 7. d5 (7. Bb5 {La grande ligne}) 7... exd5 8. Qxd5 Be6 (8... Nge7 9.
Qxd8+ Nxd8 10. Nxe4 Bf5 11. Bd3 Ne6 $11 {Kharlov,A (2604)-Tunik,G (2505) RUS
Cup Qualifier 5 blitz 2004 0-1}) 9. Qxe4 Nf6 10. Qh4 Qd4 11. Bg5 O-O-O (11... Qe5+ 12. Be2 Nd4 13. O-O-O O-O-O 14. Bd3 h6 15. Bxf6
Qxf6 16. Qxf6 gxf6 17. Ne4 Bd5 18. f3 Bxe4 19. fxe4 Rd6 20. Rhf1 Kd8 21. Bc4
Rh7 22. c3 Nc6 23. Rxf6 Rxd1+ 24. Kxd1 Ne5 25. Be2 Ke7 26. Rf5 f6 27. Kd2 Rg7
28. g3 Rg5 29. Ke3 Rxf5 30. exf5 Kd6 31. Ke4 Nd7 32. Kf4 Ke7 33. b4 b6 34. h4
c5 35. g4 Kd6 36. Bb5 Ne5 37. g5 hxg5+ 38. hxg5 fxg5+ 39. Kxg5 Ke7 40. f6+ Ke6
41. bxc5 {Solodovnichenko,Y (2574)-Edouard,R (2602) Mulhouse 2011 1-0}) 12.
Qxd4 Rxd4 13. Bxf6 gxf6 14. Bd3 Ne5 15. O-O-O Nxd3+ $146 (15... Rf4 16. f3 Rg8 17. Bf1 c6
18. b3 Kc7 19. Ne2 Rh4 20. g3 Rh6 21. Bg2 Bh3 22. Bxh3 Rxh3 23. Nd4 a5 24. f4
Ng4 25. Rhe1 Rd8 26. Nf3 Rxd1+ 27. Kxd1 b5 28. Re2 Kd6 29. b4 axb4 30. axb4 Kd5
31. c3 c5 32. Kc2 Kc6 33. Kd3 Kd5 34. Ra2 h5 35. bxc5 Kxc5 36. Rb2 Kd6 37. Kd4
Kc6 38. Rg2 Kd6 39. Re2 Kc6 40. f5 Kd6 41. Ra2 Kc6 42. Rb2 Kd6 43. Re2 Kc6 44.
Ra2 Kd6 45. Ra6+ {Harm,J (2427)-Lubas,J (2445) ICCF email 2008 1/2-1/2 (73)})
16. Rxd3 Rxd3 17. cxd3 Rg8 {
[%emt 0:08:09][%csl Rg2] Fin de la préparation des Noirs qui ont blitzé
l'ouverture} 18. g3 $14 {[%emt 0:00:20] Il n'est pas certain que la domination
du B sur le N suffise à compenser les faiblesses de structure.} Rd8 19. Kc2 b6 20. b4 Bf5 21. Ne4 $16 {[%emt 0:04:14][%csl Gc5] La finale est
facile à jouer pour les Blancs} Bg6 22. f4 Bxe4 $6 {[%emt 0:08:22] Toutes les finales de R sont nulles selon l'adage mais
celle des Noirs est difficile à cause de la structure de l'aile-roi} (22...
Kb7) (22... f5 23. Nc3 Re8 (23... Bh5 24. Re1) 24. Kd2 Bh5 25. Re1
Rxe1 26. Kxe1 Kd7 27. Kd2 Bf3 28. Ke3 Bc6 29. Ne2 ) 23.
dxe4 Kd7 $2 {[%emt 0:00:19] Quasiment joué à tempo (19
secondes) mais la finale de P est pire que celle de R} 24. Rd1+ $1 Ke7 25. Rxd8 Kxd8 26.
g4 $1 Kd7 27. Kd3 Ke6 28. Kd4 c6 29. h4 h6 30. h5 $1 Ke7 31. a4 $18 Ke6 32. a5 Ke7 (32... c5+ 33. bxc5 bxa5 34. g5 fxg5 35.
fxg5 hxg5 36. h6) 33. a6 Ke6 34. Kc4 Ke7 35. Kd3 Ke6 36. Kd4 Ke7 37. e5 fxe5+ $2 38. Kxe5 f6+ 39.
Kf5 c5 40. bxc5 bxc5 41. Ke4 Ke6 42. Kd3 f5 43. g5 Kd5 1-0